 Dungeon Crawl Stone Soup version 0.26-a0-1040-gbe3abf3417 (webtiles) character file.

Game seed: 3802080386871186964

38 Dracia the Insei (level 3, -4/26 HPs)
             Began as a Merfolk Transmuter on Dec 11, 2020.
             Slain by a bullfrog skeleton (6 damage)
             ... on level 2 of the Dungeon.
             The game lasted 00:02:13 (804 turns).

Dracia the Insei (Merfolk Transmuter)                Turns: 804, Time: 00:02:14

Health: -4/26      AC:  3    Str: 10    XL:     3   Next: 43%
Magic:  6/6        EV: 12    Int: 12    God:
Gold:   57         SH:  0    Dex: 15    Spells: 1/7 levels left

rFire    . . .     SeeInvis .     - Unarmed
rCold    . . .     Faith    .   (no shield)
rNeg     . . .     Spirit   .   h - +0 leather armour
rPois    .         Reflect  .   (no helmet)
rElec    .         Harm     .   (no cloak)
rCorr    .         Rampage  .   (no gloves)
Will     .....                  (no boots)
Stlth    +.........             (no amulet)
HPRegen  0.08/turn              (no ring)
MPRegen  0.10/turn              (no ring)

@: wereblooded (expiring)
A: change form in water, swift swim, stealthy swim
a: no special abilities


You were on level 2 of the Dungeon.
You visited 1 branch of the dungeon, and saw 2 of its levels.

You collected 57 gold pieces.


   Skills:
 - Level 1.1 Fighting
 - Level 2.6 Dodging
 + Level 3.8 Unarmed Combat
 + Level 2.5 Spellcasting
 + Level 3.4 Transmutations
 * Level 0.8 Poison Magic


You had one spell level left.
You knew the following spells:

 Your Spells              Type           Power        Failure   Level
e - Beastly Appendage     Tmut           #.....       9%          1
s - Spider Form           Tmut/Pois      #.........   41%         3
X - Wereblood             Tmut           #.......     13%         2

Your spell library contained the following spells:

 Spells                   Type           Power        Failure   Level
 Ice Form                 Ice/Tmut       #.......     86%         4
 Blade Hands              Tmut           #.........   93%         5

Inventory:

Missiles
 c - 6 curare-tipped darts {=f=f}
Armour
 a - a +0 robe
 h - a +0 leather armour (worn)
Scrolls
 e - a scroll of teleportation {unknown}
 g - 3 scrolls of amnesia {unknown}
Potions
 b - 2 potions of curing {unknown}
 d - a potion of flight {unknown}
 f - a potion of ambrosia {unknown}

Dungeon Overview and Level Annotations

Branches:
Dungeon (2/15)

Altars:

... ... ..... ..
..... .. .>....#
. .......##.
.......r#
#.#...#Z#
##.#....@#
###......#)#
#......#.#†#
#......#.).##
#...........#
#......#...#.#
#....<.........
#......##..##....
######.##.## .###


You could see a rat and a bullfrog skeleton.


Message History

You are too injured to fight recklessly!
The ball python barely misses you. The ball python closely misses you.
The ball python barely misses you. The ball python grabs you.
The ball python constricts you.
Things that are here:
a +0 club; a goblin corpse You completely miss the ball python.
The ball python bites you but does no damage.
* * * LOW HITPOINT WARNING * * *
The ball python constricts you.
You closely miss the ball python.
Your primal bloodlust is almost over.
The ball python closely misses you. The ball python constricts you.
You hit the ball python.
You kill the ball python!
A bullfrog skeleton comes into view.
A rat comes into view.
You howl as the wereblood boils in your veins!
You see here a ball python corpse.
You hit the bullfrog skeleton.
The bullfrog skeleton is lightly damaged.
The bullfrog skeleton closely misses you.
You hit the bullfrog skeleton.
The bullfrog skeleton is lightly damaged.
The bullfrog skeleton misses you.
You hit the bullfrog skeleton.
The bullfrog skeleton is moderately damaged.
The bullfrog skeleton hits you.
* * * LOW HITPOINT WARNING * * *
The bullfrog skeleton hits you.
You die...

Skill      XL: |  1 |
---------------+----+-----
Transmutations | 3 |  3.4
Fighting       | |  1.1
Dodging        | |  2.6
Unarmed Combat | |  3.8
Spellcasting   | |  2.5
Poison Magic   | |  0.8

Action                   || total
-------------------------++-------
Melee: Unarmed           ||    86
       Headbutt          ||     6
 Cast: Beastly Appendage ||    11
       Wereblood         ||     1
Armor: Robe              ||     4
       Leather armour    ||     4
Dodge: Dodged            ||    55

Levels and vault maps discovered:
D:1:      onia_arrival_pentagram, layout_basic, st_stairs_12, bh_walls_and_bars
D:2:      minmay_roachtagon, layout_rooms, zin_academy, minivault_19

Notes
Turn   | Place    | Note
-------+----------+-------------------------------------------
     0 | D:1      | Dracia the Merfolk Transmuter began the quest for the Orb.
     0 | D:1      | Reached XP level 1. HP: 15/15 MP: 3/3
    86 | D:1      | Reached skill level 3 in Transmutations
    86 | D:1      | Reached XP level 2. HP: 13/21 MP: 3/5
   270 | D:1      | Learned a level 2 spell: Wereblood
   608 | D:1      | Reached XP level 3. HP: 26/26 MP: 6/6
   684 | D:1      | Learned a level 3 spell: Spider Form
   804 | D:2      | HP: 2/26 [bullfrog skeleton (4)]
   804 | D:2      | Slain by a bullfrog skeleton

Vanquished Creatures
  An adder (D:2)
  A dart slug (D:1)
  A giant cockroach (D:1)
  6 goblins
  3 hobgoblins (D:1)
  8 kobolds
  A ball python (D:2)
  2 bats
  2 frilled lizards (D:1)
  A rat (D:1)
26 creatures vanquished.

Table legend: (Time is in decaauts)
 A = Elapsed time spent in this place.
 B = Non-inter-level travel time spent in this place.
 C = Inter-level travel time spent in this place.
 D = Time resting spent in this place.
 E = Time spent auto-exploring this place.
 F = Levels seen in this place.
 G = Mean time per level.
                   A        B        C        D        E       F      G
               +--------+--------+--------+--------+--------+-----+--------+
         Total |    798 |    785 |     13 |      0 |    611 |   2 |  399.0 |
       Dungeon |    798 |    785 |     13 |      0 |    611 |   2 |  399.0 |
               +--------+--------+--------+--------+--------+-----+--------+

Top non-repeatable levels by time:
     D:1: 760 daAuts
     D:2: 37 daAuts

Table legend:
 A = Non-vault XP
 B = Vault XP
 C = Vault XP percentage of total XP
 D = Non-vault monster count
 E = Vault monster count
 F = Vault count percentage of total count
                 A         B        C        D         E       F
            +---------+---------+-------+---------+---------+-------
      Total |      54 |       1 |   1.8 |      25 |       1 |   3.8
            +---------+---------+-------+---------+---------+-------
        D:1 |      35 |       1 |   2.8 |      20 |       1 |   4.8
        D:2 |      19 |       0 |   0.0 |       5 |       0 |   0.0
            +---------+---------+-------+---------+---------+-------
